 Dungeon Crawl Stone Soup version 0.24-a0-285-g3c078ff (webtiles) character file.

Game seed: 5951711172415810155

323 galech the Chopper (level 6, -1/48 HPs)
             Began as a Demonspawn Fighter on May 7, 2019.
             Slain by Duvessa
             ... wielding a +0 short sword
              (2 damage)
             ... on level 4 of the Dungeon.
             The game lasted 00:03:36 (3226 turns).

galech the Chopper (Demonspawn Fighter)             Turns: 3226, Time: 00:03:37

Health: -1/48      AC:  8    Str: 21    XL:     6   Next: 23%
Magic:  0/6        EV:  8    Int:  9    God:
Gold:   235        SH: 10    Dex: 15    Spells: 5/5 levels left

rFire    . . .     SeeInvis .   a - +1 war axe
rCold    . . .     Gourm    .   c - +1 shield
rNeg     . . .     Faith    .   b - +0 scale mail
rPois    .         Spirit   +   (helmet restricted)
rElec    .         Reflect  .   (no cloak)
rCorr    .         Harm     .   n - +0 pair of gloves
MR       .....     Rnd*Tele +   (no boots)
Stlth    ..........             (no amulet)
HPRegen  0.16/turn              l - ring of teleportation (curse)
MPRegen  0.10/turn              m - ring of wizardry

@: mighty, lightly drained
A: antennae 2, spiny 1, magic shield
a: no special abilities


You were on level 4 of the Dungeon.
You were hungry.

You visited 1 branch of the dungeon, and saw 4 of its levels.

You collected 235 gold pieces.

Inventory:

Hand Weapons
 a - a +1 war axe (weapon)
Armour
 b - a +0 scale mail (worn)
 c - a +1 shield (worn)
 n - a +0 pair of gloves (worn)
Jewellery
 l - a cursed ring of teleportation (left hand)
 m - a ring of wizardry (right hand)
Scrolls
 h - a scroll of enchant armour
 j - 2 scrolls of magic mapping
 k - a scroll of amnesia
 o - 2 scrolls of teleportation
 u - a scroll of random uselessness {unknown}
 w - a scroll of blinking {unknown}
 x - 2 scrolls of identify
Potions
 d - a potion of might
 e - 2 potions of heal wounds {unknown}
 g - a potion of haste {unknown}
 i - 3 potions of curing
 q - a potion of mutation {unknown}
 r - 2 potions of invisibility {unknown}
 s - a potion of magic {unknown}
 t - a potion of brilliance {unknown}
 v - 2 potions of cancellation {unknown}
 z - a potion of flight {unknown}
Comestibles
 f - 6 rations
 p - 13 chunks of flesh


   Skills:
 + Level 4.0(3.7) Fighting
 + Level 4.0(3.7) Axes
 + Level 3.6(3.3) Armour
 + Level 1.2(1.0) Dodging
 + Level 0.1(0.0) Stealth
 + Level 3.6(3.3) Shields


You had 5 spell levels left.
You didn't know any spells.
Your spell library was empty.

Dungeon Overview and Level Annotations

Branches:
Dungeon (4/15)
 Temple: D:4-7

Altars:
Cheibriados
Wu Jian

Annotations:
D:4 Duvessa


Innate Abilities, Weirdness & Mutations

You have a pair of antennae on your head.
You are partially covered in sharp spines.
When hurt, damage is shared between your health and your magic reserves.


Message History

Duvessa is struck by your spines. Duvessa hits you but does no damage.
You feel very mighty all of a sudden.
You are feeling hungry.
Duvessa is struck by your spines. Duvessa closely misses you.
You hit Duvessa.
Duvessa is severely wounded.
Duvessa hits you with a +0 short sword!
* * * LOW HITPOINT WARNING * * *
You block Duvessa's attack.
You hit Duvessa.
Duvessa is almost dead.
Duvessa hits you with a +0 short sword!
* * * LOW HITPOINT WARNING * * *
You block Duvessa's attack. Duvessa is struck by your spines.
Duvessa closely misses you.
You closely miss Duvessa.
Duvessa is almost dead.
Duvessa closely misses you. Duvessa is struck by your spines.
Duvessa hits you with a +0 short sword.
You die...

..#.# #.#.#
##############
#.#.#
......e@.....#
#.#.#
########)###.#
##.#.## #.#
#.#.##....<## #)#
#........#... #.#
#.# #..รท...##
#.# #.# #.###.##.
#.###.###.###....
#..............#.
#..####.######.##


You could see Duvessa (berserk).

Vanquished Creatures
  Dowan (D:4)
  A howler monkey (D:4)
  A crimson imp (D:3)
  A hound (D:4)
  An orc priest (D:4)
  A hound zombie (D:2)
  6 adders
  2 adder skeletons (D:2)
  2 dart slugs
  2 leopard geckos (D:3)
  14 orcs
  A ball python (D:1)
  2 bats
  A bat zombie (D:2)
  A giant cockroach (D:2)
  3 goblins
  3 hobgoblins (D:1)
  2 jackals (D:1)
  4 kobolds
  3 quokkas
  4 frilled lizards
  A jackal zombie (D:2)
  5 rats
62 creatures vanquished.

Notes
Turn   | Place    | Note
-------+----------+-------------------------------------------
     0 | D:1      | galech the Demonspawn Fighter began the quest for the Orb.
     0 | D:1      | Reached XP level 1. HP: 18/18 MP: 1/1
   196 | D:1      | Gained mutation: You have a pair of small antennae on your
                  | head. [demonic ancestry]
   196 | D:1      | Reached XP level 2. HP: 23/24 MP: 2/2
   896 | D:2      | Gained mutation: When hurt, damage is shared between your
                  | health and your magic reserves. [demonic ancestry]
   896 | D:2      | Reached XP level 3. HP: 22/29 MP: 3/3
  1456 | D:2      | Found a snail-covered altar of Cheibriados.
  1780 | D:2      | Gained mutation: You have a pair of antennae on your head.
                  | [demonic ancestry]
  1780 | D:2      | Reached XP level 4. HP: 33/35 MP: 4/4
  1941 | D:2      | Found an ornate altar of the Wu Jian Council.
  2558 | D:3      | Reached XP level 5. HP: 26/42 MP: 3/5
  3073 | D:4      | Reached skill level 1 in Dodging
  3172 | D:4      | Gained mutation: You are partially covered in sharp spines.
                  | [demonic ancestry]
  3172 | D:4      | Reached XP level 6. HP: 39/48 MP: 6/6
  3205 | D:4      | Noticed Duvessa
  3205 | D:4      | Noticed Dowan
  3218 | D:4      | Killed Dowan
  3225 | D:4      | HP: 1/48 [Duvessa/+0 short sword (7)]
  3226 | D:4      | Slain by Duvessa

Levels and vault maps discovered:
D:1:      giann_forest_graveyard, layout_loops_ring
D:2:      layout_basic, lemuel_round_altar, serial_undead, serial_undead_c,
          serial_undead_d, serial_undead_a, serial_undead_b,
          kennysheep_slug_shrine
D:3:      layout_basic, minmay_misc_feat_encased
D:4:      minmay_thinvault, layout_loops_ring, minmay_overflow_temple_star_hex,
          first_ration, uniq_pikel, uniq_duvessa, uniq_eustachio

Skill      XL: |  1  2  3  4  5  6 |
---------------+-------------------+-----
Shields        | 3 |  3.6
Axes           | 2 3 4 |  4.0
Armour         | 3 |  3.6
Dodging        | 1 |  1.2
Fighting       | 4 |  4.0
Stealth        | |  0.1

Action                   |  1- 3 |  4- 6 || total
-------------------------+-------+-------++-------
Melee: War axe           |   101 |   159 ||   260
  Use: Scroll            |     4 |     3 ||     7
       Potion            |       |     2 ||     2
  Eat: Chunk             |     3 |     1 ||     4
       Ration            |       |     1 ||     1
Armor: Scale mail        |    46 |    74 ||   120
Dodge: Dodged            |    34 |    49 ||    83
Block: Shield            |    62 |    91 ||   153

Table legend:
 A = Non-vault XP
 B = Vault XP
 C = Vault XP percentage of total XP
 D = Non-vault monster count
 E = Vault monster count
 F = Vault count percentage of total count
                 A         B        C        D         E       F
            +---------+---------+-------+---------+---------+-------
      Total |     359 |     103 |  22.3 |      55 |       7 |  11.3
            +---------+---------+-------+---------+---------+-------
        D:1 |      27 |       0 |   0.0 |      15 |       0 |   0.0
        D:2 |      38 |      37 |  49.3 |      12 |       6 |  33.3
        D:3 |     151 |       0 |   0.0 |      21 |       0 |   0.0
        D:4 |     143 |      66 |  31.6 |       7 |       1 |  12.5
            +---------+---------+-------+---------+---------+-------
